 Dungeon Crawl Stone Soup version 0.21-a0-633-g4c047d5 (webtiles) character file.

115 Lanoc the Scratcher (level 4, -1/19 HPs)
             Began as a Felid Transmuter on Dec 28, 2017.
             Was a Follower of Dithmenos.
             Slain by an orc wizard
             ... wielding a +0 dagger
              (4 damage)
             ... on level 4 of the Dungeon.
             The game lasted 00:13:37 (5062 turns).

Lanoc the Scratcher (Felid Transmuter)              Turns: 5062, Time: 00:13:38

Health: -1/19      AC:  1    Str:  6    XL:     4   Next: 68%
Magic:  9/9        EV: 19    Int: 15    God:    Dithmenos [*.....]
Gold:   124        SH:  0    Dex: 20    Spells: 5/8 levels left
                                        Lives:  0   Deaths: 1

rFire    . . .     SeeInvis +     - Unarmed
rCold    . . .     Gourm    .   (shield unavailable)
rNeg     . . .     Faith    +   (armour unavailable)
rPois    .         Spirit   .   (helmet unavailable)
rElec    .         Reflect  .   (cloak unavailable)
rCorr    .         Harm     .   (gloves unavailable)
MR       .....                  (boots unavailable)
Stlth    +++.......             d - amulet of faith
HPRegen  0.06/turn              k - +3 ring of dexterity
MPRegen  0.11/turn              m - ring of wizardry

@: appendage (expiring), wreathed by umbra, quick
A: very small, no armour, no weapons or thrown items, stealth, claws 1, fangs 3,
horns 2, see invisible, carnivore, speed 1, shaggy fur 1, slow metabolism 1,
sharp paws
a: End Transformation, Renounce Religion


You were on level 4 of the Dungeon.
You worshipped Dithmenos.
Dithmenos was aware of your devotion.
You were not hungry.
You had grown temporary horns.
You visited 1 branch of the dungeon, and saw 4 of its levels.

You collected 124 gold pieces.

Inventory:

Jewellery
 d - an amulet of faith (around neck)
 k - a +3 ring of dexterity (left paw)
 m - a ring of wizardry (right paw)
Wands
 s - a wand of acid (3)
 x - a wand of paralysis (11)
Scrolls
 g - a scroll of enchant weapon {unknown}
 j - a scroll of teleportation {unknown}
 p - 3 scrolls of enchant armour {unknown}
 r - a scroll of immolation {unknown}
 u - a scroll of fog {unknown}
 v - 2 scrolls of magic mapping {unknown}
 w - a scroll of identify {unknown}
Potions
 e - a potion of curing {unknown}
 f - a potion of resistance {unknown}
 h - 2 potions of brilliance {unknown}
 i - a potion of magic {unknown}
 l - a potion of heal wounds {unknown}
 n - a potion of flight {unknown}
 o - 2 potions of cancellation {unknown}
 q - a potion of ambrosia {unknown}
 t - a potion of might {unknown}
Books
 b - a book of Changes

   Spells                             Type                      Level
   a - Beastly Appendage              Transmutation                1
   b - Sticks to Snakes               Transmutation                2
   c - Spider Form                    Transmutation/Poison         3
   d - Ice Form                       Ice/Transmutation            4
   e - Blade Hands                    Transmutation                5
Comestibles
 c - 3 rations


   Skills:
 + Level 2.0 Fighting
 + Level 3.6 Dodging
 + Level 1.5 Stealth
 * Level 4.2 Unarmed Combat
 + Level 2.7 Spellcasting
 * Level 3.6 Transmutations
 + Level 1.2 Invocations


You had 5 spell levels left.
You knew the following spells:

 Your Spells              Type           Power        Failure   Level  Hunger
a - Beastly Appendage     Tmut           ##....       1%          1    #......
b - Sticks to Snakes      Tmut           ##......     2%          2    ##.....


Dungeon Overview and Level Annotations

Branches:
Dungeon (4/15)
 Temple: D:4-7

Altars:
Dithmenos
Elyvilon
Gozag
Kikubaaqudgha
Trog
Vehumet
Wu Jian


Innate Abilities, Weirdness & Mutations

You cannot wear armour.
You are incapable of wielding weapons or throwing items.
Your paws allow you to move quietly. (Stealth)
You have sharp claws.
You have razor-sharp teeth.
You have supernaturally acute eyesight. (SInv)
You are carnivorous and can eat meat at any time.
You cover ground quickly.
You are covered in fur. (AC +1)
You have a slow metabolism.
Your sharp claws are effective at attacking unaware monsters.
You have a pair of horns on your head.


Message History

The orc barely misses you. The orc misses you. The orc barely misses you.
The orc wizard gestures at you while chanting.
The puff of frost misses you.
The puff of frost hits the orc.
The orc dies!
You scratch the orc wizard.
The orc wizard is heavily wounded.
Your transformation is almost over.
The orc wizard casts a cantrip, but nothing happens.
The orc closely misses you. The orc misses you.
You scratch the orc wizard. You headbutt the orc wizard.
The orc wizard is almost dead.
The orc wizard gestures at you while chanting.
The puff of flame hits you! The orc barely misses you.
The orc wizard gestures at you while chanting.
The puff of flame hits you!
* * * LOW HITPOINT WARNING * * *
The orc wizard closely misses you. The orc misses you.
Found a pink potion.
The orc wizard hits you with a dagger.
You die...

# #..........# #.
#..#..#.#..## #.<#.
#....#.....
......#....##.###..
......#.#..##.###..
.......[.o........#
#.......oo.........
#..#..#.##o....##
..........@...#
...##.#.##.....# ..
#.#.##.....# . .
........... ##
#.....#..###
..##..#... ..
!....... ##
#.....###


You could see an orc wizard and 3 orcs.

Vanquished Creatures
  A wyvern skeleton (D:3)
  An orc priest (D:3)
  An orc wizard (D:3)
  3 adders
  An ooze (D:2)
  A worm (D:3)
  A dart slug (D:3)
  A leopard gecko (D:1)
  8 orcs (D:3)
  3 giant cockroaches (D:3)
  12 goblins (D:2)
  5 hobgoblins
  2 jackals (D:1)
  A quokka (D:3)
  5 bats
  4 frilled lizards
  9 kobolds
  6 rats
65 creatures vanquished.

Vanquished Creatures (collateral kills)
  Robin (D:2)
  A worm (D:1)
  A hobgoblin (D:2)
  A bat (D:2)
4 creatures vanquished.

Vanquished Creatures (others)
  An orc (D:4)
1 creature vanquished.

Grand Total: 70 creatures vanquished

Notes
Turn   | Place    | Note
-------+----------+-------------------------------------------
     0 | D:1      | Lanoc the Felid Transmuter began the quest for the Orb.
     0 | D:1      | Reached XP level 1. HP: 9/9 MP: 4/4
   449 | D:1      | Reached XP level 2. HP: 11/12 MP: 4/6
   817 | D:2      | Learned a level 2 spell: Sticks to Snakes
  1370 | D:2      | Reached XP level 3. HP: 15/15 MP: 3/7
  1404 | D:2      | Noticed Robin
  1687 | D:2      | Killed Robin
  2198 | D:2      | Found an opulent altar of Gozag.
  2198 | D:2      | Found a white marble altar of Elyvilon.
  2206 | D:2      | Found an ancient bone altar of Kikubaaqudgha.
  2208 | D:2      | Found a shadowy altar of Dithmenos.
  2209 | D:2      | Found a radiant altar of Vehumet.
  2216 | D:2      | Became a worshipper of Dithmenos the Shadowed
  2482 | D:2      | Found an ornate altar of the Wu Jian Council.
  2626 | D:2      | Reached XP level 4. HP: 19/19 MP: 6/8
  3117 | D:3      | Reached skill level 1 in Stealth
  3309 | D:3      | Noticed a phantom
  3940 | D:3      | Reached * piety under Dithmenos
  3940 | D:3      | Reached skill level 4 in Unarmed Combat
  3940 | D:3      | Reached skill level 1 in Invocations
  3940 | D:3      | Reached XP level 5. HP: 9/22 MP: 7/9
  4945 | D:3      | Noticed a moth of wrath
  4948 | D:3      | Found a bloodstained altar of Trog.
  4986 | D:3      | Slain by a worm
  4987 | D:3      | Reached XP level 4. HP: -3/19 MP: 9/9
  5062 | D:4      | Slain by an orc wizard

Vault maps used:
D:1:      minmay_arrival_loop, minmay_misc_feat_room
D:2:      chequers_temple_overflow_minitemple, lemuel_round_altar, uniq_robin
D:3:      tgw_trog
D:4:      minmay_overflow_temple_star_hex, nicolae_overflow_crystal_walls,
          temple_fountains, first_ration, serial_shops, shop

Skill      XL: |  1  2  3  4  5 |
---------------+----------------+-----
Dodging        | 3 |  3.6
Transmutations | 3 |  3.6
Stealth        | 1 |  1.5
Unarmed Combat | 4 |  4.2
Invocations    | 1 |  1.2
Fighting       | 2 |  2.0
Spellcasting   | |  2.7

Action                   |  1- 3 |  4- 6 || total
-------------------------+-------+-------++-------
Melee: Unarmed           |    78 |   126 ||   204
       Headbutt          |    11 |    24 ||    35
       Bite              |     5 |    13 ||    18
       Punch             |       |     1 ||     1
 Cast: Beastly Appendage |    20 |    20 ||    40
       Sticks to Snakes  |    10 |    13 ||    23
 Stab: Sleeping          |     2 |     3 ||     5
  Eat: Chunk             |    12 |     6 ||    18
Armor: Skin              |     7 |     4 ||    11
Dodge: Dodged            |    66 |   105 ||   171

Table legend:
 A = Spawn XP
 B = Non-spawn XP
 C = Spawn XP percentage of total XP
 D = Spawn monster count
 E = Non-spawn monster count
 F = Spawn count percentage of total count
 G = Total turns spent on level
                    A         B        C        D         E        F      G
               +---------+---------+-------+---------+---------+-------+---------
         Total |       0 |     324 |   0.0 |       0 |      69 |   0.0 |  5062
               +---------+---------+-------+---------+---------+-------+---------
           D:1 |       0 |      22 |   0.0 |       0 |      14 |   0.0 |  1158
           D:2 |       0 |      80 |   0.0 |       0 |      26 |   0.0 |  1777
           D:3 |       0 |     222 |   0.0 |       0 |      29 |   0.0 |  2104
               +---------+---------+-------+---------+---------+-------+---------
